Map: Ever Dream LE

Players

DisK

  • Race: Protoss Protoss
  • League: Grandmaster
  • Spawn Location: 1:00

Silky - Winner!

  • Race: Zerg Zerg
  • Spawn Location: 7:00

Event: DreamHack SC2 Masters 2020 Fall

VOD

Have the link to the VOD?

Description

Time

  • Played on: Sept. 2, 2020, 5:01 p.m.
  • Length: 30:30

All games in this series

Show
View Real Time Build Order
Export as new Build Order

DisK Protoss 

Build Orders: 1 Gate Expand, Blink Stalkers 

Get SALT Encoding   

  12  0:00  Probe  
  13  0:13  Probe  
  14  0:17  Pylon  
  14  0:25  Probe (Chrono Boost)  
  15  0:36  Gateway  
  15  0:37  Probe (Chrono Boost)  
  16  0:46  Probe (Chrono Boost)  
  16  0:47  Assimilator  
  17  0:52  Probe  
  19  1:04  Probe  
  19  1:16  Probe  
  20  1:23  Nexus  
  20  1:32  Cybernetics Core  
  20  1:35  Probe  
  21  1:42  Assimilator  
  21  1:47  Probe  
  21  1:51  Pylon  
  22  1:59  Probe  
  23  2:06  Stalker (Chrono Boost)  
  23  2:09  Warp Gate  
  23  2:11  Probe  
  26  2:23  Probe  
  26  2:24  Twilight Council  
  27  2:35  Adept  
  29  2:40  Gateway  
  29  2:47  Pylon  
  29  2:50  Probe (Chrono Boost)  
  30  2:55  Blink (Chrono Boost)  
  30  2:56  Probe (Chrono Boost)  
  30  3:02  Probe (Chrono Boost)  
  32  3:06  Probe (Chrono Boost)  
  32  3:08  Probe (Chrono Boost)  
  32  3:11  Probe (Chrono Boost)  
  34  3:19  Probe  
  35  3:25  Gateway, Probe  
  36  3:31  Probe  
  37  3:34  Robotics Facility  
  37  3:38  Probe  
  38  3:43  Probe  
  39  3:50  Probe  
  40  3:55  Probe  
  40  3:57  Gateway x2  
  40  4:00  Gateway  
  41  4:03  Probe  
  41  4:05  Pylon  
  43  4:10  Probe  
  43  4:11  Assimilator  
  43  4:16  Stalker  
  45  4:18  Probe  
  45  4:21  Warp Prism (Chrono Boost)  
  48  4:26  Pylon  
  48  4:30  Stalker  
  50  4:33  Stalker  
  50  4:38  Probe, Pylon  
  53  4:46  Stalker  
  53  4:51  Stalker x2  
  59  5:03  Stalker x2  
  59  5:04  Stalker  
  65  5:08  Pylon  
  65  5:21  Pylon  
  65  5:31  Stalker  
  65  5:32  Stalker x4  
  73  5:55  Stalker  
  73  5:56  Stalker  
  73  5:57  Stalker x3  
  77  5:59  Stalker  
  83  6:04  Pylon  
  83  6:13  Pylon  
  83  6:14  Shield Battery, Pylon  
  83  6:31  Robotics Bay  
  83  6:32  Assimilator  
  83  6:33  Observer  
  83  6:35  Stalker x3  
  90  6:40  Probe  
  90  6:42  Probe  
  92  6:54  Adept x2  
  96  6:55  Stalker  
  96  6:59  Probe  
  96  7:00  Probe  
  100  7:11  Probe  
  100  7:12  Probe  
  101  7:31  Colossus, Probe x2  
  109  7:49  Nexus  
  107  7:51  Pylon  
  107  7:57  Stalker  
  109  8:02  Pylon  
  109  8:10  Forge  
  109  8:11  Shield Battery  
  109  8:12  Shield Battery, Sentry x4  
  117  8:16  Probe  
  117  8:18  Gateway  
  117  8:19  Gateway  
  118  8:20  Probe  
  118  8:26  Shield Battery  
  119  8:28  Probe  
  119  8:29  Protoss Ground Weapons Level 1 (Chrono Boost), Colossus (Chrono Boost)  
  119  8:30  Observer  
  126  8:44  Pylon  
  126  8:45  Extended Thermal Lance  
  126  8:46  Pylon  
  126  8:54  Shield Battery  
  126  8:57  Gateway  
  126  8:58  Pylon  
  126  9:01  Sentry x2, Probe x2  
  126  9:02  Sentry  
  134  9:04  Stalker  
  134  9:05  Stalker  
  137  9:13  Probe  
  138  9:20  Zealot, Pylon  
  133  9:35  Stalker x6  
  142  9:51  Colossus (Chrono Boost)  
  142  9:56  Zealot x3  
  142  9:59  Assimilator, Probe x3  
  157  10:00  Assimilator  
  157  10:11  Photon Cannon, Probe x3  
  157  10:13  Pylon  
  160  10:25  Robotics Facility  
  160  10:28  Protoss Ground Weapons Level 2  
  160  10:32  Charge (Chrono Boost)  
  160  10:42  Photon Cannon  
  160  10:47  Colossus (Chrono Boost)  
  160  10:49  Nexus  
  166  10:54  Probe x3  
  166  10:55  Pylon  
  169  10:58  Pylon  
  165  11:18  Colossus (Chrono Boost)  
  165  11:20  Probe x2  
  165  11:21  Probe  
  174  11:26  Pylon  
  174  11:27  Pylon  
  174  11:32  Adept x2  
  176  11:33  Stalker x2  
  176  11:36  Shield Battery  
  176  11:39  Shield Battery  
  180  11:41  Observer (Chrono Boost)  
  180  11:44  Templar Archives  
  181  11:47  Sentry x3  
  181  11:52  Probe x2  
  187  12:25  Zealot x3  
  187  12:26  Zealot x3  
  197  12:41  Zealot  
  197  12:43  Photon Cannon  
  199  12:46  Photon Cannon  
  199  12:49  Zealot x2  
  199  13:00  Protoss Ground Weapons Level 3 (Chrono Boost), Probe  
  199  13:04  Assimilator x2  
  195  13:29  Zealot x2  
  175  13:42  Zealot x7  
  175  13:43  Probe (Chrono Boost)  
  175  13:44  Probe x3 (Chrono Boost)  
  153  14:03  Zealot  
  153  14:04  Zealot x8  
  153  14:07  Immortal  
  153  14:08  Immortal  
  177  14:25  Zealot x2  
  177  14:26  Zealot  
  177  14:27  Zealot x4  
  177  14:28  Zealot x2  
  190  14:36  Probe x4  
  188  14:43  Photon Cannon  
  184  14:48  Probe x4  
  188  14:54  Disruptor x2 (Chrono Boost)  
  194  15:05  Stargate, Probe x3  
  194  15:06  Probe  
  198  15:17  Probe  
  197  15:41  Disruptor x2  
  195  15:49  Probe x3  
  190  16:07  Oracle  
  190  16:10  Protoss Shields Level 1 (Chrono Boost)  
  193  16:17  Nexus  
  193  16:20  Pylon  
  152  16:49  High Templar x9  
  152  16:53  Archon x2  
  152  16:54  Archon x2  
  156  17:12  Psionic Storm  
  156  17:13  Pylon  
  156  17:15  Fleet Beacon, Photon Cannon  
  156  17:16  Photon Cannon  
  156  17:20  Stargate  
  156  17:22  Stargate  
  156  17:32  Zealot x8  
  156  17:33  Zealot  
  174  17:49  Oracle  
  174  17:53  Zealot x9  
  174  17:57  Disruptor (Chrono Boost)  
  197  18:05  Disruptor (Chrono Boost)  
  172  18:14  Zealot x5  
  172  18:15  Zealot  
  172  18:16  Zealot x2  
  182  18:25  Probe x3  
  182  18:26  Probe x2  
  173  18:32  Disruptor (Chrono Boost)  
  147  18:34  Disruptor  
  153  18:45  High Templar  
  153  18:46  High Templar x3  
  153  18:47  High Templar x2  
  153  18:48  High Templar x2  
  169  18:50  Archon x2  
  169  18:51  High Templar, Archon  
  169  18:53  Probe  
  172  19:00  Probe x3  
  175  19:03  Shield Battery  
  175  19:06  Photon Cannon  
  175  19:07  Gravitic Boosters  
  156  19:33  Archon  
  142  19:41  Zealot  
  142  19:42  Zealot x8  
  145  20:09  Zealot x9  
  125  20:34  High Templar x4  
  125  20:35  High Templar x5  
  125  21:05  Disruptor x2  
  131  21:39  Archon  
  113  21:49  Disruptor x2 (Chrono Boost)  
  113  22:01  Stalker  
  111  22:15  Zealot x3  
  112  22:38  High Templar x3  
  114  23:08  Observer  
  96  24:10  High Templar  
  96  24:11  High Templar x3  
  96  24:15  Archon  
  96  24:16  Zealot x2, Archon  
  106  24:50  Archon  
  82  25:12  Observer  
  76  25:48  High Templar x4  
  84  26:25  Zealot  
  86  26:26  Zealot  
  88  27:08  Zealot x3  
  89  28:00  Observer  
  73  28:30  Zealot  
  73  28:31  Zealot x4  
  83  28:39  Phoenix  
  79  29:01  Zealot x2  
  79  29:53  Zealot x3  
Show
View Real Time Build Order
Export as new Build Order

Silky Zerg - Winner!

Build Orders: Hatch First, Lurkers 

Get SALT Encoding   

  12  0:00  Drone  
  13  0:12  Overlord  
  13  0:17  Drone  
  14  0:30  Drone x2  
  16  0:47  Hatchery  
  15  0:50  Drone  
  15  0:54  Drone  
  17  0:58  Drone  
  18  1:08  Extractor  
  17  1:13  Spawning Pool  
  17  1:17  Drone  
  17  1:20  Drone  
  18  1:28  Drone  
  19  1:38  Drone  
  20  1:48  Overlord  
  20  1:59  Queen x2  
  20  2:00  Zergling x4  
  26  2:10  Drone  
  26  2:11  Drone  
  26  2:15  Metabolic Boost  
  28  2:20  Drone  
  28  2:22  Drone  
  30  2:32  Drone x2  
  32  2:42  Hatchery  
  31  2:44  Overlord  
  31  2:49  Overlord  
  31  3:03  Queen  
  31  3:04  Drone  
  31  3:05  Drone  
  35  3:06  Drone  
  35  3:09  Drone  
  35  3:11  Drone x2  
  39  3:14  Drone  
  39  3:18  Drone  
  41  3:20  Spore Crawler  
  40  3:27  Drone x2  
  40  3:33  Roach Warren  
  42  3:36  Drone  
  42  3:40  Overlord  
  43  3:45  Overlord  
  43  3:47  Overlord  
  43  3:52  Overlord  
  43  3:54  Drone, Queen  
  43  3:55  Drone x2  
  47  4:02  Zergling x2  
  48  4:06  Zergling x4  
  48  4:08  Zergling x2  
  51  4:13  Roach x3  
  51  4:14  Roach  
  51  4:16  Roach  
  61  4:22  Roach x3  
  67  4:27  Zergling x2  
  67  4:28  Zergling x4  
  67  4:31  Queen  
  70  4:36  Overlord  
  70  4:37  Zergling x2  
  70  4:38  Zergling x6  
  76  4:43  Zergling x2  
  77  4:48  Zergling x10  
  77  4:51  Overlord  
  77  4:52  Overlord  
  82  4:54  Overlord  
  82  4:57  Ravager  
  82  4:58  Zergling x2  
  84  5:03  Zergling x2  
  84  5:04  Zergling x8  
  88  5:10  Zergling x4  
  87  5:14  Zergling x4  
  89  5:28  Zergling x18  
  94  5:30  Lair  
  93  5:42  Zergling x6  
  94  5:46  Extractor, Zergling x6  
  94  5:47  Extractor  
  92  5:51  Zergling x8  
  92  5:54  Zergling x2  
  92  5:55  Zergling x2  
  96  6:00  Ravager  
  96  6:01  Zergling x4  
  96  6:03  Drone  
  100  6:06  Roach  
  100  6:08  Overlord  
  100  6:12  Ravager  
  100  6:16  Drone  
  100  6:17  Drone x3  
  99  6:19  Evolution Chamber  
  99  6:23  Roach, Zergling x4  
  98  6:27  Roach  
  98  6:31  Drone x3  
  103  6:34  Extractor, Zergling x2, Hatchery  
  103  6:37  Roach  
  104  6:40  Glial Reconstitution  
  104  6:43  Zergling x4  
  105  6:52  Drone  
  105  6:53  Drone  
  107  6:55  Roach x2  
  107  7:00  Zergling x12  
  117  7:05  Spore Crawler  
  116  7:08  Zerg Melee Weapons Level 1  
  116  7:10  Drone x2  
  116  7:13  Roach  
  116  7:15  Overlord  
  120  7:18  Roach  
  122  7:25  Overlord x3  
  121  7:35  Evolution Chamber  
  120  7:37  Roach x2  
  120  7:38  Roach x2  
  125  7:45  Overlord  
  125  7:46  Drone x2  
  125  7:48  Overseer  
  126  7:56  Roach x5  
  135  7:59  Drone x2  
  135  8:02  Zerg Missile Weapons Level 1  
  137  8:09  Drone x4  
  137  8:10  Drone  
  142  8:16  Ravager  
  142  8:17  Drone, Ravager  
  142  8:18  Drone x3  
  148  8:20  Zergling x4  
  148  8:24  Zergling x4  
  152  8:27  Overlord  
  152  8:31  Drone x3  
  155  8:34  Overseer  
  154  8:42  Zergling x10  
  154  8:43  Zergling x4  
  154  8:45  Overlord  
  154  8:46  Ravager x2  
  163  8:53  Ravager  
  163  8:55  Zergling x16  
  171  9:00  Ravager, Overlord  
  173  9:09  Zergling x16  
  181  9:12  Ravager  
  181  9:14  Zergling x4  
  184  9:24  Zergling x2  
  184  9:25  Zergling x10  
  178  9:34  Drone  
  178  9:35  Drone x5  
  178  9:36  Baneling Nest  
  178  9:37  Ravager x2  
  178  9:44  Roach x3  
  173  9:47  Drone  
  173  9:52  Drone x5, Extractor  
  178  9:53  Drone x2, Extractor  
  178  9:54  Drone x2  
  178  9:55  Drone x2  
  178  9:57  Overlord  
  183  10:01  Zerg Melee Weapons Level 2  
  183  10:03  Overlord  
  183  10:06  Overlord x2  
  183  10:10  Overlord  
  183  10:17  Drone  
  183  10:18  Drone x2  
  183  10:20  Ravager x2  
  188  10:24  Drone x6  
  188  10:25  Extractor  
  188  10:26  Extractor  
  188  10:27  Zergling x10, Hatchery  
  194  10:31  Centrifical Hooks  
  194  10:32  Drone  
  194  10:33  Drone  
  196  10:37  Zergling x4, Baneling x3  
  198  10:46  Baneling x5  
  198  10:48  Zergling x4  
  198  10:49  Overlord  
  199  10:53  Baneling  
  199  10:54  Baneling x4  
  199  10:58  Baneling  
  199  10:59  Baneling x3  
  199  11:09  Drone x2  
  199  11:14  Drone x3  
  198  11:19  Zergling x4  
  198  11:22  Hydralisk Den  
  198  11:23  Zerg Missile Weapons Level 2  
  198  11:24  Drone  
  200  11:25  Infestation Pit  
  191  11:34  Zergling x18  
  200  11:40  Spine Crawler  
  199  11:54  Grooved Spines, Hydralisk, Lurker Den  
  200  12:03  Hive  
  200  12:08  Queen  
  197  12:11  Hatchery  
  197  12:13  Hydralisk  
  197  12:14  Hydralisk  
  200  12:20  Zerg Ground Armor Level 1  
  199  12:26  Overseer x2  
  199  12:28  Unknown  
  196  12:37  Hydralisk x2  
  196  12:42  Drone x2  
  199  12:44  Spine Crawler x2  
  197  12:53  Lurker x3  
  188  12:59  Hydralisk x3  
  188  13:00  Hydralisk  
  188  13:05  Spine Crawler  
  190  13:07  Spore Crawler  
  190  13:09  Lurker x2  
  191  13:17  Seismic Spines  
  191  13:20  Spore Crawler  
  191  13:21  Spore Crawler  
  191  13:22  Ravager x3  
  190  13:40  Drone x3, Zerg Missile Weapons Level 3  
  181  13:51  Viper x3  
  183  13:56  Hydralisk x5  
  176  14:06  Lurker x2  
  176  14:14  Adaptive Talons  
  175  14:18  Lurker x2  
  175  14:20  Extractor  
  175  14:21  Drone  
  175  14:22  Drone  
  178  14:24  Hydralisk  
  178  14:25  Hydralisk  
  181  14:35  Drone x4  
  181  14:36  Drone x2, Extractor  
  181  14:37  Drone x3  
  179  14:39  Lurker x2  
  179  14:42  Hatchery  
  174  14:47  Queen x2  
  176  14:53  Hatchery  
  176  14:55  Hydralisk x2  
  176  14:56  Hydralisk x3  
  185  15:02  Overlord  
  185  15:03  Queen  
  185  15:05  Drone x4, Spine Crawler, Spore Crawler  
  189  15:07  Spine Crawler  
  189  15:08  Queen  
  190  15:16  Hatchery  
  190  15:18  Hydralisk  
  190  15:19  Hydralisk x4  
  199  15:27  Muscular Augments  
  198  15:34  Baneling x10  
  184  15:43  Hydralisk x3  
  190  15:50  Drone x2  
  190  15:54  Drone  
  191  15:58  Spine Crawler  
  191  15:59  Spine Crawler  
  184  16:05  Drone x3  
  184  16:06  Extractor  
  184  16:08  Lurker x4  
  190  16:17  Zerg Ground Armor Level 2  
  190  16:23  Hatchery  
  175  16:34  Hydralisk x3  
  175  16:35  Hydralisk x4  
  175  16:49  Drone x8  
  175  16:50  Drone x2  
  175  16:51  Roach  
  175  16:52  Roach x5  
  195  17:09  Lurker  
  195  17:10  Lurker x4  
  195  17:15  Spore Crawler x2  
  198  17:25  Spire  
  194  17:31  Pneumatized Carapace  
  194  17:38  Extractor  
  194  17:39  Spore Crawler  
  194  17:40  Extractor, Roach, Spore Crawler  
  194  17:41  Roach x4  
  190  17:54  Hydralisk  
  190  17:55  Hydralisk x4  
  197  17:59  Overlord  
  170  18:14  Viper x3  
  179  18:23  Drone x3  
  179  18:24  Drone x3  
  179  18:27  Spine Crawler x2  
  179  18:28  Roach x12  
  179  18:29  Spine Crawler x2  
  179  18:30  Spine Crawler  
  194  18:40  Drone x2  
  196  18:41  Spire  
  195  18:49  Drone  
  195  18:50  Drone x3  
  195  18:51  Spore Crawler, Overseer  
  195  18:52  Spore Crawler  
  197  18:56  Spine Crawler  
  197  18:57  Spine Crawler  
  197  19:01  Overseer  
  197  19:02  Overseer x2  
  195  19:03  Overseer x2  
  195  19:04  Overseer  
  195  19:17  Hydralisk x4  
  196  19:34  Hydralisk x7  
  167  19:39  Hydralisk  
  167  19:40  Hydralisk x10  
  174  19:54  Lurker x7  
  174  19:55  Hydralisk x4  
  174  19:59  Roach x3  
  185  20:07  Lurker x6  
  174  20:15  Roach x2  
  150  20:22  Roach x10  
  162  20:30  Lurker x3  
  162  20:31  Lurker x3  
  154  20:36  Hydralisk x8  
  154  20:38  Lurker  
  154  20:41  Lurker  
  169  20:43  Roach  
  169  20:47  Lurker x2  
  155  21:01  Lair  
  150  21:08  Lurker x4  
  152  21:12  Hatchery  
  152  21:13  Drone x3  
  152  21:14  Drone x3  
  152  21:16  Hydralisk x2  
  161  21:27  Drone x3  
  161  21:32  Overlord x2  
  145  21:54  Drone x6, Hydralisk x4  
  147  21:55  Hydralisk  
  153  22:03  Hive  
  153  22:11  Hydralisk x5  
  163  22:43  Drone x2  
  165  22:47  Drone x5, Spawning Pool  
  169  23:00  Hatchery  
  168  23:29  Drone  
  168  23:30  Drone x2  
  168  23:31  Hydralisk x5  
  181  23:34  Overlord  
  181  23:39  Overlord x3  
  177  23:51  Overlord x2  
  177  23:52  Overlord  
  177  23:54  Overseer  
  161  24:12  Viper x4  
  173  24:18  Hatchery  
  173  24:20  Hydralisk x7  
  186  24:29  Drone x2, Extractor, Spore Crawler  
  186  24:30  Spine Crawler  
  186  24:31  Extractor, Spine Crawler  
  183  24:43  Lurker x3  
  178  24:51  Hydralisk x2  
  174  24:57  Roach Warren  
  173  25:06  Hydralisk x3  
  104  25:17  Zergling x10  
  99  25:28  Roach Warren  
  99  25:34  Hydralisk  
  99  25:37  Lurker x3  
  99  25:40  Drone x2  
  102  25:49  Hydralisk x2  
  106  25:59  Extractor x2  
  104  26:07  Hydralisk x3  
  110  26:12  Hatchery  
  110  26:14  Roach x2  
  110  26:15  Roach x2  
  110  26:16  Spawning Pool  
  116  26:28  Roach x5  
  126  26:34  Drone  
  126  26:39  Roach x4  
  137  26:40  Roach  
  135  26:52  Roach x4  
  138  27:07  Lair  
  137  27:16  Roach x3  
  137  27:17  Roach x4  
  151  27:24  Ravager x5  
  151  27:29  Roach x3  
  162  27:36  Hatchery  
  161  27:37  Roach x2  
  161  27:38  Ravager x3  
  168  27:46  Overlord  
  167  27:58  Roach x3  
  167  27:59  Roach x2  
  165  28:10  Hydralisk x3  
  165  28:11  Hydralisk  
  153  28:23  Roach x3  
  153  28:25  Overseer  
  151  28:36  Roach x2  
  155  28:46  Hydralisk x2  
  155  28:48  Queen  
  163  28:52  Drone  
  162  28:56  Overseer  
  162  28:59  Hive  
  160  29:04  Ravager  
  160  29:07  Hatchery  
  160  29:09  Hydralisk x6  
  172  29:23  Lurker x2  
  173  29:25  Roach  
  173  29:35  Drone x3  
  173  29:36  Extractor x2  
  173  29:38  Spore Crawler x2  
  173  29:39  Spine Crawler  
  171  29:47  Roach x6  
  171  29:51  Overlord x2  
  177  30:07  Overlord x2  

Tags
 
Add a new tag
Caveats
  • Supply blocks, unpowered buildings, or Contaminate may cause inaccurate times.
  • Supply counts are checked every 10 seconds.